 Dungeon Crawl Stone Soup version 0.17-a0-1435-geafbe2f (webtiles) character file.

89093 Kisielow the Fencer (level 15, -2/138 HPs)
             Began as a Minotaur Fighter on June 27, 2015.
             Was a High Priest of Okawaru.
             Slain by a merfolk impaler
             ... wielding a +2 trident of distortion
              (4 damage)
             ... on level 2 of the Shoals.
             The game lasted 01:28:48 (23739 turns).

Kisielow the Fencer (Minotaur Fighter)             Turns: 23739, Time: 01:28:48

Health: -2/138     AC: 25    Str: 31 (32) XL:     15   Next: 48%
Magic:  23/23      EV:  8    Int:  3      God:    Okawaru [*****.]
Gold:   2007       SH: 26    Dex: 15      Spells: 2 memorised, 11 levels left

rFire  . . .     SeeInvis .     J - +7 falchion "Sid Vyl" {flame, rPois rF+ Dex+4}
rCold  + + .     Clarity  +     n - +0 ice dragon armour
rNeg   + . .     SustAt   .     l - +4 large shield
rPois  +         Gourm    .     (helmet restricted)
rElec  .         Spirit   .     P - +2 cloak {rPois}
rCorr  .         Warding  +     a - +0 pair of gloves
rMut   .         Stasis   .     Y - +0 pair of boots of Polytheism {Regen+ Str+6 Int-4}
MR     ++...                    T - amulet of warding
Stlth  ..........               s - ring of protection from magic
                                M - +4 ring of protection

@: about to teleport, glowing, very resistant to hostile enchantments, extremely
unstealthy
A: retaliatory headbutt, horns 2, clarity, clever 1, deterioration 1, high mp 1,
mutation resistance 1, sense surroundings 1, regeneration 1, wild magic 1
a: Heroism, Finesse, Renounce Religion


You were on level 2 of the Shoals.
You worshipped Okawaru.
Okawaru was extremely pleased with you.
You were not hungry.

You visited 4 branches of the dungeon, and saw 21 of its levels.
You also visited: Ossuary and Ice Cave.

You collected 2273 gold pieces.
You spent 266 gold pieces at shops.

Inventory:

Hand weapons
 v - the +5 great sword "Dafaupeisee" {elec, rPois rF- Int+5}
   (Okawaru gifted it to you on level 1 of the Shoals)

   Occasionally, upon striking a foe, it will discharge some electrical energy
   and cause terrible harm.
   It affects your intelligence (+5).
   It makes you vulnerable to fire.
   It protects you from poison.
 J - the +7 falchion "Sid Vyl" (weapon) {flame, rPois rF+ Dex+4}
   (Okawaru gifted it to you on level 8 of the Lair of Beasts)

   It has been specially enchanted to burn those struck by it, causing extra
   injury to most foes and up to half again as much damage against particularly
   susceptible opponents.
   Big, fiery blades are also staple armaments of hydra-hunters.
   It affects your dexterity (+4).
   It protects you from fire.
   It protects you from poison.
Armour
 a - a +0 pair of gloves (worn)
 l - a +4 large shield (worn)
 n - a +0 ice dragon armour (worn)
 P - a +2 cloak of poison resistance (worn)
 Y - the +0 pair of boots of Polytheism (worn) {Regen+ Str+6 Int-4}
   (You bought it in a shop on level 9 of the Dungeon)

   It affects your strength (+6).
   It affects your intelligence (-4).
   It increases your rate of regeneration.
Jewellery
 h - an uncursed amulet of stasis
 j - an uncursed amulet of resist mutation
 q - a +3 ring of evasion
 s - a ring of protection from magic (right hand)
 E - an uncursed ring of ice
 I - an uncursed ring of protection from cold
 M - a +4 ring of protection (left hand)
 S - an uncursed ring of protection from cold
 T - an amulet of warding (around neck)
 V - an uncursed ring of flight
 W - an uncursed ring of protection from fire
 Z - an uncursed ring of see invisible
Magical devices
 o - a wand of lightning (11)
 t - a wand of paralysis (8)
 x - a wand of hasting (2)
 D - a wand of digging (15)
 N - a wand of draining (3)
Scrolls
 b - 4 scrolls of fog
 c - 2 scrolls of fear
 k - 9 scrolls of remove curse
 w - 4 scrolls of teleportation
 y - 2 scrolls of summoning
 z - 2 scrolls of identify
 A - 2 scrolls of blinking
 G - 2 scrolls of magic mapping
Potions
 f - 2 potions of ambrosia {unknown}
 g - 9 potions of curing
 r - a potion of resistance
 u - a potion of degeneration {unknown}
 C - 2 potions of flight
 F - a potion of magic {unknown}
 H - a potion of might
 K - 2 potions of cancellation {unknown}
 L - 2 potions of invisibility
 O - 3 potions of heal wounds
 R - 2 potions of haste {unknown}
 X - 2 potions of agility {unknown}
Comestibles
 e - 16 bread rations
 i - 6 chunks of flesh
 m - 7 meat rations
 p - a beef jerky
 B - 38 fruits
 Q - 5 royal jellies


   Skills:
 + Level 14.2 Fighting
 - Level 16.0 Long Blades
 + Level 14.1 Armour
 + Level 14.2 Shields
 - Level 8.0 Invocations
 - Level 10.0 Evocations


You had 11 spell levels left.
You knew the following spells:

 Your Spells              Type           Power        Failure   Level  Hunger
a - Apportation           Tloc           #.........   100%        1    ##.....
b - Blink                 Tloc           N/A          100%        2    ###....


Dungeon Overview and Level Annotations

Branches:
Dungeon (10/15)            Temple (1/1) D:6            Lair (8/8) D:10
 Shoals (2/4) Lair:3       Spider (0/4) Lair:3        Slime (0/6) Lair:6
    Orc: D:9-12

Altars:
Ashenzari
Cheibriados
Dithmenos
Elyvilon
Fedhas
Gozag
Kikubaaqudgha
Makhleb
Nemelex Xobeh
Okawaru
Qazlal
Ru
Sif Muna
Trog
Vehumet
Xom
Yredelemnul
Zin
The Shining One

Shops:
D:9 [

Annotations:
D:7 exclusion: statue


Innate Abilities, Weirdness & Mutations

You reflexively headbutt those who attack you in melee.
You have a pair of horns on your head.
You possess an exceptional clarity of mind.
Your mind is acute. (Int +2)
Your body sometimes deteriorates upon taking damage.
You have an increased reservoir of magic (+10% MP).
You are somewhat resistant to further mutation.
You passively map a small area around you.
Your natural rate of healing is unusually fast.
Your spells are a little harder to cast, but a little more powerful.


Message History

The faun hits you but does no damage.
The merfolk impaler hits you but does no damage.
Space warps horribly around you!
* * * LOW HITPOINT WARNING * * *
Drink which item? (? for menu, Esc to quit)
You feel much better. You block the faun's attack. You block the faun's attack.
The merfolk impaler misses you.
The faun hits you with an uncursed spear!
* * * LOW HITPOINT WARNING * * *
Read which item? (? for menu, Esc to quit)
As you read the scroll of teleportation, it crumbles to dust.
You feel strangely unstable. You block the merfolk impaler's attack.
You block the faun's attack. The faun hits you but does no damage.
You block the faun's attack. You block the merfolk impaler's attack.
Drink which item? (? for menu, Esc to quit)
You feel better. You block the faun's attack. You block the faun's attack.
The faun hits you with an uncursed spear!
* * * LOW HITPOINT WARNING * * *
The merfolk impaler hits you with a trident of distortion.
You die...

≈≈≈≈≈≈≈≈≈≈≈≈≈≈≈≈≈≈≈≈⌠≈⌠...,
......≈≈≈≈≈≈≈.≈≈≈≈≈.......,
......≈≈≈≈≈≈≈≈≈.≈.........
>......≈≈≈≈≈≈≈≈≈≈......... ,
###...≈≈≈≈)≈.≈.....(......
###...≈≈≈≈≈...###.........,
,
##....≈≈≈≈≈...###..≈....≈≈,,
, .....≈≈≈≈≈...((##c(†....≈.
....≈≈≈≈≈.....((@m...≈≈≈≈. ≈
≈..≈≈≈≈≈≈......c)c...≈≈≈≈≈≈
≈≈≈≈≈≈≈≈≈≈....#.!....≈≈≈≈≈
≈≈≈≈≈≈≈≈≈≈≈≈.......≈≈≈≈≈≈≈ ≈
≈≈≈≈≈≈≈≈≈≈≈≈......≈≈≈≈≈≈≈≈≈
≈≈≈≈≈≈≈≈≈≈≈≈≈≈≈≈≈≈≈≈≈≈≈≈≈≈ ≈
≈≈≈≈≈≈≈≈≈≈≈≈≈≈≈≈≈≈≈≈≈≈≈≈≈≈
≈≈≈≈≈≈≈≈≈≈≈≈≈≈≈≈≈≈≈≈≈≈≈≈≈ ≈
≈ ≈


You could see a merfolk impaler and 3 fauns.

Vanquished Creatures
  Donald (Shoals:2)
  Aizul (Shoals:2)
  Louise (Shoals:2)
  The ghost of Bane the Peltast, a powerful MiFi of the Shining One (IceCv)
  2 merfolk impalers (Shoals:2)
  5 death oozes (Lair:8)
  Josephine (Lair:5)
  Fannar (Lair:1)
  7 great orbs of eyes (Lair:8)
  3 catoblepae (Lair:8)
  2 ice dragons (IceCv)
  Erolcha (D:10)
  3 hydras
  A merfolk avatar (Shoals:1)
  3 satyrs (Shoals:2)
  9 death yaks (Lair:8)
  The ghost of Vergil the Martial Artist, an experienced DsMo of Cheibriados (Lair:2)
  8 sea snakes
  A hill giant (D:10)
  3 ice statues
  2 lindwurms (Lair:8)
  4 water nymphs
  4 harpies (Shoals:2)
  12 fauns
  A necromancer (Lair:6)
  2 griffons
  3 sirens
  A wolf spider (Lair:3)
  5 manticores (Shoals:1)
  3 black mambas
  2 cyclopes (Shoals:1)
  3 elephants (Lair:7)
  Joseph (D:7)
  11 spiny frogs
  3 fire drakes
  7 komodo dragons
  2 trolls (D:9)
  4 polar bears
  A freezing wraith (Lair:1)
  7 merfolk
  A wind drake (Shoals:2)
  Prince Ribbit (D:6)
  A snapping turtle (Shoals:1)
  A boulder beetle (Lair:8)
  16 blink frogs
  A two-headed ogre (D:9)
  The ghost of Quirk the Covered, an average GrFi (D:5)
  35 yaks
  A wyvern (Lair:5)
  A deep elf fighter (D:10)
  3 wraiths (Lair:5)
  12 wolves
  2 basilisks
  12 hippogriffs
  15 porcupines
  18 water moccasins
  Duvessa (D:6)
  2 black bears
  A phantom (D:5)
  3 ogres
  4 sky beasts
  14 crocodiles
  33 ice beasts
  5 centaurs
  13 giant frogs
  4 big kobolds
  2 komodo dragon zombies (Lair:6)
  Dowan (D:6)
  7 killer bees
  A water moccasin skeleton (D:8)
  2 scorpions
  9 jellies
  9 wights
  9 crimson imps
  4 electric eels
  3 centaur zombies (Ossuary)
  A giant frog zombie (D:10)
  7 hounds
  A basilisk zombie (Lair:6)
  3 human zombies (Ossuary)
  3 orc priests
  6 orc wizards
  A wasp zombie (D:10)
  A giant frog skeleton (D:10)
  7 iguanas
  A killer bee zombie (D:5)
  9 worker ants
  18 sheep
  3 hound zombies
  A hound skeleton (D:7)
  2 mummies (Ossuary)
  2 worker ant zombies
  58 river rats
  10 gnolls
  A shadow imp (D:6)
  2 white imps (Lair:1)
  9 adders
  3 oozes (Lair:8)
  2 adder skeletons
  An adder zombie (Ossuary)
  4 worms
  10 giant geckos
  33 orcs
  A ball python (D:2)
  3 bat zombies (D:8)
  3 giant cockroaches
  17 goblins
  14 hobgoblins
  11 jackals
  24 kobolds
  21 bats
  6 giant newts
  A goblin zombie (Ossuary)
  13 hobgoblin zombies (Ossuary)
  2 jackal zombies (Ossuary)
  6 kobold zombies (Ossuary)
  8 orc zombies (Ossuary)
  4 quokkas
  A quokka skeleton (D:9)
  29 rats
744 creatures vanquished.

Vanquished Creatures (collateral kills)
  A hungry ghost (D:8)
  A hound (D:8)
  A bat zombie (D:8)
  A rat (D:8)
4 creatures vanquished.

Vanquished Creatures (others)
  4 fungi
  3 plants
7 creatures vanquished.

Grand Total: 755 creatures vanquished

Notes
Turn   | Place    | Note
--------------------------------------------------------------
     0 | D:1      | Kisielow the Minotaur Fighter began the quest for the Orb.
     0 | D:1      | Reached XP level 1. HP: 19/19 MP: 0/0
   164 | D:1      | Reached XP level 2. HP: 26/26 MP: 1/1
   654 | D:2      | Reached skill level 4 in Long Blades
   671 | D:2      | Reached XP level 3. HP: 19/31 MP: 2/2
   908 | D:2      | Found a stormy altar of Qazlal.
  1107 | D:2      | Reached skill level 5 in Long Blades
  1109 | D:2      | Reached XP level 4. HP: 13/39 MP: 3/3
  1737 | D:2      | Reached skill level 6 in Long Blades
  1979 | D:2      | Reached XP level 5. HP: 45/45 MP: 4/4
  2120 | D:3      | Found a snail-covered altar of Cheibriados.
  3082 | D:4      | Noticed an ogre
  3087 | D:4      | Killed an ogre
  3087 | D:4      | Reached XP level 6. HP: 51/53 MP: 5/5
  3167 | D:4      | Noticed a phantom
  3204 | D:5      | Entered Level 5 of the Dungeon
  3220 | D:5      | Killed a phantom
  3220 | D:5      | Reached skill level 5 in Armour
  3221 | D:5      | Reached skill level 5 in Shields
  3221 | D:5      | Reached XP level 7. HP: 27/60 MP: 6/6
  3405 | D:4      | Reached skill level 7 in Long Blades
  3451 | D:4      | Reached skill level 5 in Fighting
  3669 | D:4      | Found a bloodstained altar of Trog.
  4187 | D:5      | Noticed Quirk's ghost (average GrFi)
  4206 | D:5      | Killed Quirk's ghost
  4210 | D:5      | Reached XP level 8. HP: 45/70 MP: 7/7
  4247 | D:5      | Got a pair of brightly glowing boots
  4260 | D:5      | Identified the +0 pair of boots "Ceseupp" {Str+4} (You found it on level 5 of the Dungeon)
  4662 | D:5      | Found a shimmering altar of Xom.
  4716 | D:5      | Reached skill level 8 in Long Blades
  4900 | D:5      | Found a shimmering altar of Xom.
  4989 | D:5      | Noticed a water moccasin
  4999 | D:5      | Killed a water moccasin
  5352 | D:6      | Noticed Dowan
  5353 | D:6      | Noticed Duvessa
  5375 | D:6      | Killed Duvessa
  5386 | D:6      | Killed Dowan
  5386 | D:6      | Reached XP level 9. HP: 53/79 MP: 8/8
  5546 | D:6      | Reached skill level 9 in Long Blades
  5558 | D:6      | Gained mutation: You passively map a small area around you. [mutagenic meat]
  5559 | D:6      | Gained mutation: You can spit weak poison. [mutagenic meat]
  5561 | D:6      | Gained mutation: You possess an exceptional clarity of mind. [mutagenic meat]
  5723 | D:6      | Gained mutation: You are frail (-10% HP). [mutagenic meat]
  5726 | D:6      | Gained mutation: You have an increased reservoir of magic (+10% MP). [mutagenic meat]
  5727 | D:6      | Lost mutation: You can spit weak poison. [mutagenic meat]
  5728 | D:6      | Gained mutation: Your skin changes colour to match your surroundings (Stealth). [mutagenic meat]
  5732 | D:6      | Found a staircase to the Ecumenical Temple.
  5738 | Temple   | Entered the Ecumenical Temple
  5835 | Temple   | Became a worshipper of Warmaster Okawaru
  5926 | D:6      | Noticed Prince Ribbit
  5936 | D:6      | Killed Prince Ribbit
  6329 | D:7      | Found an ancient bone altar of Kikubaaqudgha.
  6452 | D:7      | Noticed Joseph
  6480 | D:7      | Killed Joseph
  6480 | D:7      | Acquired Okawaru's first power
  6578 | D:7      | Found a radiant altar of Vehumet.
  6671 | D:7      | Reached skill level 10 in Long Blades
  7003 | D:8      | Found a burning altar of Makhleb.
  7123 | D:8      | Reached XP level 10. HP: 81/81 MP: 10/10
  7277 | D:8      | Found a bloodstained altar of Trog.
  7343 | D:8      | Found a sand-covered staircase.
  7351 | Ossuary  | Entered an ossuary
  7585 | D:8      | Lost mutation: You are frail (-10% HP). [potion of mutation]
  7585 | D:8      | Gained mutation: Your mind is acute. (Int +2) [potion of mutation]
  7586 | D:8      | Gained mutation: You are somewhat resistant to further mutation. [potion of mutation]
  7586 | D:8      | Gained mutation: Your body sometimes deteriorates upon taking damage. [potion of mutation]
  7668 | D:8      | Found an ancient bone altar of Kikubaaqudgha.
  8738 | D:9      | Found Inluqol's Antique Armour Emporium.
  8746 | D:9      | Bought a pair of scorched boots for 266 gold pieces
  8756 | D:9      | Identified the +0 pair of boots of Polytheism {Regen+ Str+6 Int-4} (You bought it in a shop on level 9 of the Dungeon)
  9534 | D:9      | Reached skill level 10 in Shields
  9543 | D:10     | Entered Level 10 of the Dungeon
  9639 | D:10     | Reached skill level 11 in Long Blades
  9688 | D:10     | Found a staircase to the Lair.
  9691 | D:10     | Reached skill level 10 in Fighting
  9691 | D:10     | Reached skill level 10 in Armour
  9832 | D:10     | Gained mutation: Your natural rate of healing is unusually fast. [mutagenic meat]
  9917 | D:10     | Reached skill level 1 in Evocations
  9956 | D:10     | Found a shadowy altar of Dithmenos.
  9965 | D:10     | Reached skill level 1 in Invocations
 10026 | D:10     | Noticed a hill giant
 10040 | D:10     | Killed a hill giant
 10095 | D:10     | Noticed Erolcha
 10105 | D:10     | Killed Erolcha
 10105 | D:10     | Reached XP level 11. HP: 66/99 MP: 11/13
 10500 | Lair:1   | Entered Level 1 of the Lair of Beasts
 10686 | Lair:1   | Noticed Fannar
 10712 | Lair:1   | Killed Fannar
 10790 | Lair:1   | Reached skill level 12 in Long Blades
 10844 | Lair:1   | Noticed a four-headed hydra
 10867 | Lair:1   | Killed a six-headed hydra
 11009 | Lair:1   | Gained mutation: Your spells are a little harder to cast, but a little more powerful. [potion of mutation]
 11093 | Lair:1   | Acquired Okawaru's second power
 11101 | Lair:1   | Noticed an ice statue
 11331 | Lair:1   | Killed an ice statue
 11331 | Lair:1   | Reached skill level 5 in Invocations
 11441 | Lair:1   | Got a bloodstained flail
 11442 | Lair:1   | Identified the +5 flail "Edghemon" {crush, rPois Str+3} (You found it on level 1 of the Lair of Beasts)
 11685 | Lair:2   | Noticed Vergil's ghost (experienced DsMo)
 11694 | Lair:2   | Reached skill level 5 in Evocations
 11723 | Lair:2   | Killed Vergil's ghost
 11723 | Lair:2   | Received a gift from Okawaru
 11846 | Lair:2   | Reached skill level 13 in Long Blades
 12044 | Lair:2   | Reached XP level 12. HP: 71/106 MP: 17/17
 12376 | Lair:3   | Found a hole to the Spider Nest.
 12925 | Lair:3   | Found a staircase to the Shoals.
 13680 | Lair:4   | Received a gift from Okawaru
 14518 | Lair:5   | Found a frozen archway.
 14527 | Lair:5   | Reached skill level 14 in Long Blades
 14611 | IceCv    | Entered an ice cave
 14826 | IceCv    | Noticed an ice dragon
 14827 | IceCv    | Noticed an ice dragon
 14829 | IceCv    | Noticed Bane's ghost (powerful MiFi)
 14841 | IceCv    | Killed an ice dragon
 14856 | IceCv    | Killed an ice dragon
 14856 | IceCv    | Received a gift from Okawaru
 14879 | IceCv    | Killed Bane's ghost
 14879 | IceCv    | Reached XP level 13. HP: 65/113 MP: 15/20
 15595 | Lair:5   | Reached skill level 15 in Long Blades
 15809 | Lair:5   | Lost mutation: Your skin changes colour to match your surroundings (Stealth). [potion of mutation]
 15896 | Lair:5   | Noticed Josephine
 15905 | Lair:5   | Killed Josephine
 16647 | Lair:1   | Learned a level 1 spell: Apportation
 16650 | Lair:1   | Learned a level 2 spell: Blink
 17131 | Lair:6   | Found a staircase to the Slime Pits.
 17425 | Lair:6   | Received a gift from Okawaru
 17430 | Lair:6   | Got a twisted robe {god gift}
 17445 | Lair:6   | Identified the +4 robe of Compression {-Tele rPois rF+ Slay+3} (Okawaru gifted it to you on level 6 of the Lair of Beasts)
 17922 | Lair:7   | Got a crude ring mail
 17933 | Lair:7   | Identified the +6 ring mail of the Valley of Death {rC+} (You found it on level 7 of the Lair of Beasts)
 18068 | Lair:7   | Reached skill level 16 in Long Blades
 18072 | Lair:7   | Reached skill level 10 in Evocations
 18213 | Lair:7   | Found an opulent altar of Gozag.
 18437 | Lair:7   | You fall through a shaft!
 18437 | Lair:8   | Entered Level 8 of the Lair of Beasts
 19536 | Lair:8   | Reached XP level 14. HP: 53/124 MP: 22/22
 19745 | Lair:8   | Paralysed by a great orb of eyes for 5 turns
 19756 | Lair:8   | Received a gift from Okawaru
 19816 | Lair:8   | Paralysed by a great orb of eyes for 2 turns
 20043 | Lair:8   | Got a bloodstained scale mail
 20054 | Lair:8   | Identified the +3 scale mail of the Cast Vote {rN+ Dex+5} (You found it on level 8 of the Lair of Beasts)
 20372 | Lair:8   | Received a gift from Okawaru
 20396 | Lair:8   | Got an encrusted falchion {god gift}
 20398 | Lair:8   | Identified the +7 falchion "Sid Vyl" {flame, rPois rF+ Dex+4} (Okawaru gifted it to you on level 8 of the Lair of Beasts)
 21300 | Shoals:1 | Entered Level 1 of the Shoals
 21639 | Shoals:1 | Received a gift from Okawaru
 21640 | Shoals:1 | Got a bloodstained great sword {god gift}
 21847 | Shoals:1 | Identified the +5 great sword "Dafaupeisee" {elec, rPois rF- Int+5} (Okawaru gifted it to you on level 1 of the Shoals)
 22125 | Shoals:1 | Reached XP level 15. HP: 35/136 MP: 21/23
 22714 | Shoals:2 | Received a gift from Okawaru
 22736 | Shoals:2 | Found a deep blue altar of Sif Muna.
 22877 | Shoals:2 | Noticed Aizul
 22915 | Shoals:2 | Killed Aizul
 23326 | Shoals:2 | Noticed Donald
 23349 | Shoals:2 | Killed Donald
 23494 | Shoals:2 | Noticed Louise
 23549 | Shoals:2 | Killed Louise
 23736 | Shoals:2 | HP: 4/138 [merfolk impaler/trident of distortion (26)]
 23739 | Shoals:2 | Slain by a merfolk impaler

Vault maps used:
D:1:      eino_arrival_druids_welcome
D:2:      lemuel_crystal_altar, corexii_corridor_pit
D:3:      nicolae_overflow_crystal_walls
D:4:      roderic_roman_lattice, bloody_trog
D:5:      led_xom_imps, first_bread, basic_altar
D:6:      minmay_temple_entry_grid, grunt_decor_cap, uniq_duvessa,
          uniq_prince_ribbit1
D:7:      vehumet_statue, basic_altar, uniq_joseph
D:8:      lemuel_crystal_altar, kennysheep_mini_moat,
          lemuel_zombie_altar_kikubaaqudgha, nicolae_ossuary_entry_plus,
          blue_anna_alchemist
D:9:      statuecave_lemuel, serial_shops, nicolae_shop_window_shopping
D:10:     grunt_lair_entry_elf_guard_hut, basic_altar, nicolae_two_hexagons,
          uniq_erolcha
Temple:   circular_temple_12
Lair:1:   ice2_lemuel, serial_bayou_shore_a, uniq_fannar
Lair:3:   minmay_shoals_entry_lonely_mermaid, spider_nest_entry_rubble,
          infiniplex_staircase_pool_2
Lair:4:   serial_bayou_crossing, serial_bayou_shore_b
Lair:5:   portal_ice_cave_entry_ice_beasts, nicolae_lair_grove_arrangements,
          uniq_josephine
Lair:6:   pond_and_an_island_with_a_cottage, slime_dummy, serial_bayou_pond_e
Lair:7:   basic_altar
Lair:8:   evilmike_catoblepas_cave, special_room, grunt_forest_stairs_basic
Shoals:2: serial_shops, shop_fountains, hangedman_feature_mirror,
          lemuel_oklob_altar, uniq_louise, uniq_kirke, uniq_aizul, uniq_donald
Ossuary:  ossuary_tomb_1
IceCv:    ice_cave_small_dragons

Action                   |  1- 3 |  4- 6 |  7- 9 | 10-12 | 13-15 || total
-------------------------+-------+-------+-------+-------+-------++-------
Melee: Long sword        |    84 |   163 |   214 |       |       ||   461
       Scimitar          |       |       |   202 |   417 |       ||   619
       Falchion          |       |       |       |   188 |   585 ||   773
       Double sword      |       |       |       |   397 |   625 ||  1022
       Dagger            |       |       |       |       |    16 ||    16
       Demon blade       |       |       |       |       |     7 ||     7
Invok: Heroism           |       |       |       |     1 |     8 ||     9
       Finesse           |       |       |       |     1 |     3 ||     4
 Abil: Spit Poison       |       |       |     1 |       |       ||     1
Evoke: Wand              |       |       |       |    16 |     7 ||    23
  Use: Scroll            |       |     5 |     6 |    13 |     8 ||    32
       Potion            |       |       |     3 |     7 |    11 ||    21
 Stab: Held in net/web   |       |       |       |     1 |       ||     1
  Eat: Chunk             |       |     7 |    24 |    21 |    18 ||    70
       Meat ration       |       |       |       |     1 |       ||     1
       Pizza             |       |       |       |     2 |     1 ||     3
       Fruit             |       |       |       |     1 |     3 ||     4
       Beef jerky        |       |       |       |       |     4 ||     4
       Bread ration      |       |       |       |       |     1 ||     1
